 Dungeon Crawl Stone Soup version 0.31-a0-485-gaadceae713 (webtiles) character file.

Game seed: 4730158225648053914

505 tsuchiFy the Chiller (level 6, -2/51 HPs)
             Began as a Draconian Ice Elementalist on Aug 6, 2023.
             Engulfed by a steam dragon's steam (5 damage)
             ... on level 6 of the Dungeon on Aug 7, 2023.
             The game lasted 01:33:30 (4781 turns).

tsuchiFy the Chiller (Draconian Ice Elementalist)   Turns: 4781, Time: 01:33:31

Health: -2/51      AC:  6    Str:  7 (10) XL:     6   Next: 96%
Magic:  11/11      EV: 13    Int: 14 (16) God:
Gold:   277        SH:  0    Dex: 13      Spells: 8/12 levels left

rFire   . . .        a - +1 dagger (venom)
rCold   . . .        (no shield)
rNeg    . . .        (body armour unavailable)
rPois   .            (helmet restricted)
rElec   .            (no cloak)
rCorr   .            (no gloves)
SInv    .            (no boots)
Will    .....        (no amulet)
Stlth   ++           (no ring)
HPRegen 0.28/turn    (no ring)
MPRegen 0.12/turn

%: no passive effects
@: no status effects
A: AC +6, unfitting armour, cold-blooded
a: no special abilities


You were on level 6 of the Dungeon.
You visited 1 branch of the dungeon, and saw 6 of its levels.

You collected 277 gold pieces.

Inventory:

Hand Weapons
 a - a +1 dagger of venom (weapon)
 p - a +0 dagger of freezing
Missiles
 h - 6 silver javelins
 l - 10 poisoned darts
 m - a javelin (quivered)
Scrolls
 b - a scroll of noise
 c - a scroll of enchant weapon {unknown}
 d - 2 scrolls of fog
 e - 2 scrolls of revelation
 i - a scroll of blinking {unknown}
 j - a scroll of enchant armour {unknown}
 k - 2 scrolls of teleportation {unknown}
 o - a scroll of butterflies {unknown}
Potions
 f - 2 potions of enlightenment
 g - a potion of magic
 q - a potion of curing {unknown}


   Skills:
 + Level 3.4 Fighting
 + Level 3.7 Dodging
 - Level 2.1 Stealth
 + Level 3.8 Spellcasting
 + Level 5.4 Ice Magic


You had 8 spell levels left.
You knew the following spells:

 Your Spells              Type           Power      Damage    Failure   Level
a - Freeze                Ice            68%        1d8       2%          1
b - Frozen Ramparts       Ice            34%        1d6       6%          3

Your spell library contained the following spells:

 Spells                   Type           Power      Damage    Failure   Level
 Ozocubu's Armour         Ice            17%        N/A       6%          3
 Summon Ice Beast         Ice/Summ       10%        N/A       54%         4


Dungeon Overview and Level Annotations

Branches:
Dungeon (6/15)
 Temple: D:4-7

Altars:
Cheibriados
Okawaru
Wu Jian

Shops:
D:1 [

Annotations:
D:3 3 runed translucent doors, Ethylacetat's ghost, amateur OpSh


Innate Abilities, Weirdness & Mutations

Your plain brown scales are hard. (AC +6)
You cannot fit into any form of body armour.
You are cold-blooded and may be slowed by cold attacks.


Message History

Welcome back, tsuchiFy the Draconian Ice Elementalist.
Press ? for a list of commands and other information.
No target in view!
Done exploring.
Done exploring.
You see here a +0 club.
There is a stone staircase leading down here.
You can't go up here!
You climb downwards.
There is a stone staircase leading up here.
Found a stone staircase leading down.
There is a stone staircase leading down here.
A steam dragon comes into view.
A water moccasin comes into view.
The steam dragon hisses angrily.
The steam dragon misses you. The steam dragon closely misses you.
You hit the steam dragon.
The steam dragon is poisoned.
The steam dragon is lightly wounded.
The steam dragon misses you. The steam dragon claws you.
You hit the steam dragon.
The steam dragon looks as sick as possible!
The steam dragon is moderately wounded.
The steam dragon bites you. The steam dragon closely misses you.
You hit the steam dragon but do no damage.
The steam dragon looks as sick as possible!
Your tail-slap misses the steam dragon.
The steam dragon is moderately wounded.
The steam dragon breathes steam at you. The ball of steam hits you!
You hit the steam dragon but do no damage.
The steam dragon looks as sick as possible!
The steam dragon is heavily wounded.
You are engulfed in a cloud of scalding steam.
The steam dragon breathes steam at you. The ball of steam hits you!
* * * LOW HITPOINT WARNING * * *
You are engulfed in a cloud of scalding steam.
* * * LOW HITPOINT WARNING * * *
You are engulfed in a cloud of scalding steam.
You die...

###.###.# #. #..<..#.#
#.####.###.#.#
#.......##...# #
####.......##.#.# #
#.##.............#.# ##.
............####.#
#...####.##§......####.#
#.SD§@.§.§..........##
#...####..§§......#####
#.. #.###.#...## #.
#......>..# #
#####.##.## #.##.#
#.##.# #.##.# #.##.#


You could see a steam dragon (extremely poisoned, catching breath) and a water
moccasin.

Vanquished Creatures
  A phantom (D:5)
  A hound (D:5)
  A gnoll bouda (D:4)
  2 orc priests
  An orc wizard (D:5)
  8 adders
  8 gnolls (D:4)
  An ufetubus (D:5)
  A worm (D:2)
  3 dart slugs
  14 orcs
  7 ball pythons
  6 bats
  10 endoplasms
  A giant cockroach (D:2)
  8 goblins
  11 hobgoblins
  9 jackals
  7 quokkas
  A frilled lizard (D:1)
  8 kobolds
  7 rats
116 creatures vanquished.

Notes
Turn   | Place    | Note
-------+----------+-------------------------------------------
     0 | D:1      | tsuchiFy the Draconian Ice Elementalist began the quest for
                  | the Orb.
     0 | D:1      | Reached XP level 1. HP: 14/14 MP: 3/3
   153 | D:1      | Reached XP level 2. HP: 19/20 MP: 5/5
   237 | D:1      | HP: 1/20 [kobold/+0 club (4)]
   446 | D:1      | Found Sot Qeif's Armour Boutique.
   586 | D:1      | Reached XP level 3. HP: 26/27 MP: 6/6
   590 | D:1      | Learned a level 3 spell: Frozen Ramparts
  1083 | D:2      | Reached skill level 1 in Fighting
  1094 | D:2      | Reached XP level 4. HP: 29/35 MP: 1/7
  1688 | D:2      | Found a faded altar of an unknown god.
  2113 | D:3      | Found a runed translucent gate.
  2113 | D:3      | Found a runed translucent gate.
  2113 | D:3      | Found a runed translucent gate.
  2115 | D:3      | Noticed Ethylacetat's ghost (amateur OpSh)
  2117 | D:3      | Noticed a kobold brigand
  2285 | D:3      | Reached XP level 5. HP: 41/41 MP: 9/9
  3035 | D:4      | Reached skill level 5 in Ice Magic
  3216 | D:4      | Reached XP level 6. HP: 35/50 MP: 4/11
  3750 | D:5      | Entered Level 5 of the Dungeon
  3757 | D:5      | Found an iron altar of Okawaru.
  3956 | D:5      | Found a snail-covered altar of Cheibriados.
  4276 | D:5      | Found an ornate altar of the Wu Jian Council.
  4715 | D:5      | Upgraded the game from 0.31-a0-473-g61b50ae490 to
                  | 0.31-a0-485-gaadceae713
  4772 | D:6      | Noticed a steam dragon
  4774 | D:6      | Noticed a water moccasin
  4781 | D:6      | Engulfed by a steam dragon's steam

Illustrated notes

Levels and vault maps discovered:
D:1:      minmay_arrival_doors, layout_basic, serial_shops, shop
D:2:      layout_rooms, dreamdust_ecumenical_altar_hidden_monk_grotto,
          minmay_bisected
D:3:      layout_basic, gammafunk_ghost_nasty_kobolds
D:4:      layout_basic, serial_shops, kennysheep_mini_moat,
          kennysheep_minor_cross, minmay_box_of_dots
D:5:      layout_rooms, pdpol_wu_jian_five_deadly_venoms, lemuel_tele_altar,
          cheibriados_altar_1
D:6:      layout_loops_ring, minmay_temple_entry_statues, nzn_random_ring

Skill      XL: |  1  2  3  4  5  6 |
---------------+-------------------+-----
Stealth        | 2 |  2.1
Dodging        | 2 3 |  3.7
Fighting       | 1 2 3 |  3.4
Spellcasting   | 3 |  3.8
Ice Magic      | 5 |  5.4

Action                     |  1- 3 |  4- 6 || total
---------------------------+-------+-------++-------
  Melee: Unarmed           |    27 |       ||    27
         Tailslap          |     9 |    43 ||    52
         Dagger            |    60 |   238 ||   298
         Punch             |       |     3 ||     3
  Throw: Javelin           |       |     4 ||     4
   Cast: Freeze            |     8 |       ||     8
         Frozen Ramparts   |     4 |    12 ||    16
    Use: Scroll            |     3 |     1 ||     4
         Potion            |     2 |     5 ||     7
   Stab: Sleeping          |     1 |     7 ||     8
         Distracted        |     1 |       ||     1
 Armour: Skin              |    28 |    62 ||    90
  Dodge: Dodged            |    83 |   159 ||   242

Table legend: (Time is in decaauts)
 A = Elapsed time spent in this place.
 B = Non-inter-level travel time spent in this place.
 C = Inter-level travel time spent in this place.
 D = Time resting spent in this place.
 E = Time spent auto-exploring this place.
 F = Levels seen in this place.
 G = Mean time per level.
                   A        B        C        D        E       F      G
               +--------+--------+--------+--------+--------+-----+--------+
         Total |   4754 |   4430 |    324 |    514 |   2450 |   6 |  792.3 |
       Dungeon |   4754 |   4430 |    324 |    514 |   2450 |   6 |  792.3 |
               +--------+--------+--------+--------+--------+-----+--------+

Top non-repeatable levels by time:
     D:3: 1100 daAuts
     D:1: 1064 daAuts
     D:5: 977 daAuts
     D:4: 832 daAuts
     D:2: 739 daAuts
     D:6: 39 daAuts
